Map: Station de Dasan EC

Players

DeJoT - Winner!

  • Race: Zerg Zerg
  • League: Diamond

Worming

  • Race: Zerg Zerg
  • League: Diamond

VOD

Have the link to the VOD?

Description

Time

  • Played on: Oct. 2, 2016, 5:36 a.m.
  • Length: 10:53
Show
View Real Time Build Order
Export as new Build Order

DeJoT Zerg - Winner!

Build Orders: Pool First 

Get SALT Encoding   

  12  0:01  Drone  
  13  0:08  Drone  
  13  0:14  Extractor  
  13  0:15  Drone  
  14  0:23  Overlord  
  14  0:40  Spawning Pool  
  13  0:44  Drone  
  14  0:50  Drone  
  15  0:57  Drone  
  16  1:08  Drone x2  
  18  1:28  Hatchery  
  17  1:35  Metabolic Boost  
  17  1:45  Queen  
  19  2:04  Drone x3  
  22  2:17  Overlord  
  22  2:28  Spine Crawler  
  21  2:35  Queen, Zergling x2  
  21  2:36  Zergling x2  
  25  2:41  Baneling Nest, Zergling x2  
  25  2:44  Queen  
  25  2:50  Zergling x2  
  28  2:54  Zergling x2  
  27  3:16  Drone x3  
  29  3:20  Queen  
  29  3:24  Drone x3  
  29  3:25  Baneling  
  29  3:26  Baneling  
  31  3:52  Zergling x8  
  34  3:57  Zergling x4  
  34  3:59  Overlord  
  34  4:00  Overlord  
  36  4:07  Evolution Chamber, Roach Warren  
  36  4:09  Spine Crawler  
  33  4:12  Drone x3  
  33  4:15  Overlord  
  36  4:25  Baneling x3  
  36  4:27  Drone x2  
  38  4:38  Drone x4  
  38  4:52  Zergling x4  
  38  4:53  Zergling x8  
  38  4:57  Extractor  
  38  4:59  Extractor  
  40  5:00  Evolution Chamber  
  40  5:01  Roach  
  40  5:02  Overlord  
  40  5:05  Extractor  
  40  5:09  Drone x3  
  43  5:15  Roach  
  43  5:16  Overlord  
  43  5:19  Baneling  
  45  5:23  Drone  
  43  5:46  Roach x3  
  43  5:59  Drone x5  
  44  6:08  Drone x4  
  43  6:14  Ravager  
  43  6:15  Drone  
  45  6:24  Drone  
  46  6:32  Drone, Zergling x2, Hatchery  
  47  6:43  Drone  
  47  6:44  Drone  
  49  6:50  Roach x2  
  53  6:56  Drone x2  
  53  6:57  Drone  
  55  7:01  Roach  
  55  7:02  Roach  
  55  7:23  Evolution Chamber  
  55  7:24  Zergling x12  
  55  7:25  Evolution Chamber  
  61  7:30  Lair  
  61  7:32  Roach  
  61  7:33  Roach  
  63  7:38  Drone x3  
  66  7:45  Overlord x2  
  66  7:50  Roach x3  
  72  7:54  Roach  
  72  7:55  Roach x3  
  72  7:58  Roach  
  65  8:06  Drone x2  
  65  8:07  Drone  
  65  8:08  Zerg Missile Weapons Level 1  
  67  8:13  Roach  
  67  8:18  Roach x3  
  71  8:22  Roach x3  
  71  8:25  Baneling  
  71  8:26  Baneling, Overlord x2  
  77  8:32  Drone x3  
  77  8:33  Queen  
  82  8:34  Spore Crawler  
  81  8:53  Roach x3  
  81  8:54  Overlord, Roach  
  89  8:58  Baneling  
  89  8:59  Overlord  
  89  9:02  Spine Crawler, Overseer, Extractor  
  88  9:03  Spore Crawler  
  86  9:13  Roach x7  
  86  9:14  Roach  
  86  9:16  Roach  
  87  9:40  Roach  
  87  9:41  Roach x8  
  87  9:54  Zergling x6  
  87  9:55  Zergling x6  
  93  10:00  Overseer  
  93  10:02  Roach  
  95  10:13  Drone x2  
  96  10:14  Infestation Pit  
  96  10:17  Extractor  
  96  10:18  Drone x5  
  99  10:24  Baneling x5  
  99  10:28  Drone x3  
  102  10:33  Baneling x2  
Show
View Real Time Build Order
Export as new Build Order

Worming Zerg 

Build Orders: Hatch First 

Get SALT Encoding   

  12  0:01  Drone  
  13  0:12  Overlord  
  13  0:22  Drone  
  14  0:31  Drone x2  
  16  0:36  Drone  
  17  0:52  Hatchery  
  17  0:55  Drone  
  17  1:00  Drone  
  18  1:08  Extractor  
  17  1:22  Drone x2, Spawning Pool  
  18  1:37  Evolution Chamber  
  18  1:41  Drone x2  
  20  1:56  Overlord  
  20  2:09  Queen x2  
  20  2:10  Zergling x4  
  20  2:14  Zergling x2  
  27  2:16  Metabolic Boost  
  27  2:20  Evolution Chamber  
  26  2:23  Zergling x4  
  26  2:27  Zergling x2  
  29  2:39  Zergling x4  
  27  3:08  Queen  
  27  3:11  Zergling x12  
  34  3:13  Zerg Melee Weapons Level 1  
  34  3:18  Baneling Nest  
  31  3:23  Zergling x4  
  26  4:10  Roach Warren  
  26  4:11  Drone x8  
  26  4:16  Baneling x2  
  33  4:26  Baneling x3  
  33  4:27  Zergling x4  
  33  4:29  Overlord  
  33  4:30  Overlord  
  33  4:56  Roach x3  
  33  4:57  Roach  
  33  4:58  Zergling x4  
  43  5:07  Zergling x4  
  45  5:17  Baneling x2  
  45  5:18  Baneling x2  
  45  5:23  Baneling  
  45  5:24  Zergling x8  
  44  6:14  Zergling x20  
  44  6:16  Overlord x3  
  52  6:24  Lair  
  52  6:26  Extractor  
  52  6:28  Hatchery  
  52  6:29  Drone x2  
  52  6:30  Overlord x2  
  52  6:37  Roach x3  
  58  6:40  Baneling  
  58  6:41  Baneling  
  58  6:43  Zergling x4  
  41  7:25  Extractor  
  41  7:28  Zergling x2  
  41  7:29  Zergling x18  
  50  7:34  Zerg Melee Weapons Level 2  
  50  7:44  Zergling x8  
  47  8:16  Zergling x2  
  47  8:17  Zergling x14  
  48  8:24  Hatchery  
  47  8:36  Overlord  
  47  8:41  Roach x6  
  59  8:47  Glial Reconstitution  
  59  8:52  Baneling x3  
  59  8:56  Zergling x8  
  59  9:01  Baneling x3  
  53  9:23  Zergling x2  
  53  9:24  Zergling x14  
  52  9:40  Drone x5  
  51  9:55  Drone x3  
  53  10:11  Hydralisk Den  
  53  10:12  Drone x3  
Tags
 
Add a new tag
Caveats
  • Supply blocks, unpowered buildings, or Contaminate may cause inaccurate times.
  • Supply counts are checked every 10 seconds.